 Dungeon Crawl Stone Soup version 0.17.0-28-g6e173f8 (console) character file.

324 Kloppie the Cudgeler (level 6, -14/59 HPs)
             Began as an Ogre Gladiator on Dec 1, 2015.
             Demolished by a gnoll
             ... wielding a +0 halberd
              (15 damage)
             ... on level 4 of the Dungeon.
             The game lasted 00:06:29 (4568 turns).

Kloppie the Cudgeler (Ogre Gladiator)               Turns: 4568, Time: 00:06:29

Health: -14/59     AC:  3    Str: 21    XL:     6   Next: 48%
Magic:  6/6        EV: 11    Int:  7    God:
Gold:   143        SH:  0    Dex: 12    Spells: 0 memorised, 5 levels left

rFire  . . .     SeeInvis .     a - +0 flail
rCold  . . .     Clarity  .     b - +0 robe
rNeg   . . .     SustAt   .     (no shield)
rPois  .         Gourm    .     c - +0 hat
rElec  .         Spirit   .     (no cloak)
rCorr  .         Warding  .     (gloves unavailable)
rMut   .         Stasis   .     (boots unavailable)
MR     .....                    (no amulet)
Stlth  +.........               (no ring)
                                (no ring)

@: lethally poisoned (-14 -> -15), not resistant to hostile enchantments, very
unstealthy
A: unfitting armour, tough skin 1
a: no special abilities


You were on level 4 of the Dungeon.
You were not hungry.

You visited 1 branch of the dungeon, and saw 4 of its levels.

You collected 143 gold pieces.

Inventory:

Hand Weapons
 a - a +0 flail (weapon)
 y - a +4 flail
Missiles
 d - 3 throwing nets (quivered)
Armour
 b - a +0 robe (worn)
 c - a +0 hat (worn)
Jewellery
 p - an uncursed ring of poison resistance {unknown}
 A - an uncursed ring of ice {unknown}
Wands
 x - a wand of confusion (25)
Scrolls
 i - 4 scrolls of magic mapping {unknown}
 j - a scroll of amnesia {unknown}
 m - a scroll of fog {unknown}
 n - 4 scrolls of identify {unknown}
 q - 5 scrolls of recharging {unknown}
 r - a scroll of enchant armour {unknown}
 t - a scroll of fear {unknown}
 u - a scroll of enchant weapon {unknown}
 z - a scroll of random uselessness {unknown}
Potions
 g - 2 potions of heal wounds {unknown}
 l - 3 potions of curing {unknown}
 s - a potion of agility {unknown}
 v - a potion of flight {unknown}
 w - a potion of poison {unknown}
 B - a potion of invisibility {unknown}
Comestibles
 e - 5 bread rations
 f - a royal jelly
 h - 6 fruits
 o - 2 beef jerkies


   Skills:
 - Level 2.6 Fighting
 + Level 7.1 Maces & Flails
 - Level 2.0 Throwing
 + Level 4.9 Dodging


You had 5 spell levels left.
You didn't know any spells.

Dungeon Overview and Level Annotations

Branches:
Dungeon (4/15)
 Temple: D:4-7

Altars:
Ashenzari
Cheibriados
Qazlal
Trog
Zin


Innate Abilities, Weirdness & Mutations

You are too large for most types of armour.
You have tough skin (AC +1).


Message History

* * * LOW HITPOINT WARNING * * *
The gnoll barely misses you. x2
You hit the gnoll.
The gnoll is lightly wounded.
You feel less invigorated.
You feel less confused. The gnoll hits you with a halberd.
* * * LOW HITPOINT WARNING * * *
The gnoll barely misses you.
You barely miss the gnoll.
The gnoll is lightly wounded.
You feel sick. The gnoll hits you with a halberd!
* * * LOW HITPOINT WARNING * * *
The gnoll barely misses you. The gnoll hits you with a halberd.
* * * LOW HITPOINT WARNING * * *
You closely miss the orc. The gnoll barely misses you.
The orc barely misses you. The gnoll hits you.
* * * LOW HITPOINT WARNING * * *
The gnoll hits you with a halberd!
You die...

## #.##.####.## .#
#..#.......# ###.#
##.######..##
....####..## #....#
##....###..###.)..#
....#..###..##....#
..####...##.##..$.#
#..##.....#.##.ggo#
#...........###g@##
####........# #..#
#........######
##...........#
##...........#
#............#
#.......######
#.......# ##.....##


You could see 3 gnolls and an orc.

Vanquished Creatures
  A gnoll shaman (D:4)
  Jessica (D:2)
  A worker ant (D:4)
  An orc wizard (D:3)
  7 adders
  A gnoll (D:4)
  2 oozes (D:4)
  A worm (D:4)
  5 giant geckos
  10 orcs (D:3)
  A ball python (D:2)
  11 giant cockroaches
  11 hobgoblins
  20 jackals
  2 quokkas (D:3)
  13 bats
  4 giant newts
  11 goblins
  17 kobolds
  11 rats
131 creatures vanquished.

Notes
Turn   | Place    | Note
--------------------------------------------------------------
     0 | D:1      | Kloppie the Ogre Gladiator began the quest for the Orb.
     0 | D:1      | Reached XP level 1. HP: 22/22 MP: 1/1
    58 | D:1      | Found a snail-covered altar of Cheibriados.
   178 | D:1      | Reached XP level 2. HP: 29/29 MP: 2/2
   878 | D:1      | Reached XP level 3. HP: 34/36 MP: 3/3
  1230 | D:2      | Reached skill level 5 in Maces & Flails
  1456 | D:2      | Noticed Jessica
  1462 | D:2      | Killed Jessica
  1462 | D:2      | Reached XP level 4. HP: 44/44 MP: 4/4
  1490 | D:2      | Found a glowing silver altar of Zin.
  1491 | D:2      | Found a stormy altar of Qazlal.
  1554 | D:2      | Found a faded altar to an unknown god.
  1813 | D:2      | HP: 2/44 [poisoned by an adder]
  2059 | D:2      | Found a bloodstained altar of Trog.
  2165 | D:3      | Found a shattered altar of Ashenzari.
  2190 | D:3      | Reached XP level 5. HP: 44/50 MP: 5/5
  3000 | D:3      | Reached skill level 6 in Maces & Flails
  4106 | D:3      | Reached XP level 6. HP: 55/59 MP: 6/6
  4556 | D:4      | Reached skill level 7 in Maces & Flails
  4568 | D:4      | HP: 1/59 [gnoll (2)]
  4568 | D:4      | Demolished by a gnoll

Action                   |  1- 3 |  4- 6 || total
-------------------------+-------+-------++-------
Melee: Flail             |   148 |   294 ||   442
Throw: Throwing net      |       |     3 ||     3
  Use: Potion            |       |     2 ||     2
 Stab: Sleeping          |     1 |     2 ||     3
  Eat: Chunk             |     2 |    10 ||    12
